 Dungeon Crawl Stone Soup version 0.28-a0-697-g47f3eba078 (webtiles) character file.

Game seed: 10515972678002884539

101 bellsore the Digger (level 4, -1/24 HPs)
             Began as a Gargoyle Earth Elementalist on Oct 24, 2021.
             Slain by a goblin (3 damage)
             ... led by Robin
             ... on level 3 of the Dungeon.
             The game lasted 00:04:08 (2673 turns).

bellsore the Digger (Gargoyle Earth Elementalist)   Turns: 2673, Time: 00:04:09

Health: -1/24      AC:  5    Str: 11    XL:     4   Next: 75%
Magic:  0/8        EV: 11    Int: 17    God:
Gold:   88         SH:  0    Dex: 10    Spells: 5/9 levels left

rFire   . . .      SeeInvis .   e - +0 club
rCold   . . .      Faith    .   (no shield)
rNeg    + . .      Spirit   .   b - +0 robe
rPois   ∞          Reflect  .   (no helmet)
rElec   +          Harm     .   (no cloak)
rCorr   .          Rampage  .   (no gloves)
Will    .....                   (no boots)
Stlth   ++........              (no amulet)
HPRegen 0.08/turn               (no ring)
MPRegen 0.11/turn               (no ring)

@: no status effects
A: sickness immunity, AC +3, negative energy resistance 1, electricity
resistance, torment resistance 1, petrification resistance
a: no special abilities


You were on level 3 of the Dungeon.
You visited 1 branch of the dungeon, and saw 3 of its levels.

You collected 88 gold pieces.

Inventory:

Hand Weapons
 e - a +0 club (weapon)
Missiles
 i - 63 stones
Armour
 b - a +0 robe (worn)
Scrolls
 a - 4 scrolls of identify {unknown}
 d - 4 scrolls of blinking {unknown}
 f - a scroll of vulnerability {unknown}
 g - a scroll of brand weapon {unknown}
Potions
 c - a potion of magic {unknown}
 h - a potion of mutation {unknown}


   Skills:
 - Level 1.5 Dodging
 - Level 2.1 Stealth
 + Level 3.0 Spellcasting
 + Level 2.5 Conjurations
 - Level 0.7 Transmutations
 + Level 4.7 Earth Magic


You had 5 spell levels left.
You knew the following spells:

 Your Spells              Type           Power      Damage    Failure   Level
a - Sandblast             Erth           36%        2d10      2%          1
b - Stone Arrow           Conj/Erth      28%        3d8       12%         3

Your spell library contained the following spells:

 Spells                   Type           Power      Damage    Failure   Level
 Passwall                 Tmut/Erth      9%         N/A       9%          2
 Petrify                  Tmut/Erth      11%        N/A       50%         4


Dungeon Overview and Level Annotations

Branches:
Dungeon (3/15)

Altars:

Annotations:
D:3 Robin


Innate Abilities, Weirdness & Mutations

You are immune to sickness and miasma.
Your stone body is resilient. (AC +3)
You are immune to poison.
You resist negative energy. (rN+)
You are resistant to electric shocks. (rElec)
You are resistant to unholy torment.
You are immune to petrification.


Message History

Aiming: Sandblast (safe; 2% risk of failure)
Press: ? - help, Shift-Dir - straight line, f/p - Robin
Aim: Robin, wielding a +0 falchion, wearing a +0 animal skin and wearing a +0 helmet (lightly wounded, 85% to hit)
The blast of sand hits Robin!
Robin is heavily wounded.
Robin throws the goblin at you!
You completely miss Robin.
Robin is heavily wounded.
The goblin hits you with a +0 club. Robin misses you.
You barely miss Robin.
Robin is heavily wounded.
The goblin barely misses you.
Robin says, "Kneel, worm!"
Robin closely misses you. The goblin hits you but does no damage.
You hit Robin but do no damage.
Robin is heavily wounded.
Robin misses you. The goblin hits you but does no damage.
Robin barely misses you.
Casting: Sandblast (safe; 2% risk of failure)
Confirm with . or Enter, or press ? or * to list all spells.
Aiming: Sandblast (safe; 2% risk of failure)
Press: ? - help, Shift-Dir - straight line, f/p - Robin
Aim: Robin, wielding a +0 falchion, wearing a +0 animal skin and wearing a +0 helmet (heavily wounded, 85% to hit)
The blast of sand hits Robin.
Robin is severely wounded.
The goblin closely misses you. Robin closely misses you.
You hit Robin.
Robin is almost dead.
The goblin hits you with a +0 club.
* * * LOW HITPOINT WARNING * * *
Robin hits you with a +0 falchion.
* * * LOW HITPOINT WARNING * * *
Unknown command.
You barely miss Robin.
Robin is almost dead.
The goblin no longer looks unusually strong.
The goblin barely misses you. Robin hits you with a +0 falchion.
* * * LOW HITPOINT WARNING * * *
The goblin hits you with a +0 club.
You die...

.......#.##.##........#
#..)....###.......#
#.......# #.###.###
#.......# #.# #.#
####.......# #.. #..
..........<#
######.##.# #g##.#
#@##.# #g##.# #r##.#
#.##.# #.##.# #.##.#
#.# ...


You could see Robin, a quokka and a goblin.

Vanquished Creatures
  A centaur zombie (D:3)
  2 adders
  5 ball pythons
  6 endoplasms
  A giant cockroach (D:2)
  7 goblins
  5 jackals
  3 quokkas (D:1)
  7 bats
  3 frilled lizards
  5 kobolds
  6 rats
51 creatures vanquished.

Notes
Turn   | Place    | Note
-------+----------+-------------------------------------------
     0 | D:1      | bellsore the Gargoyle Earth Elementalist began the quest
                  | for the Orb.
     0 | D:1      | Reached XP level 1. HP: 10/10 MP: 3/3
   202 | D:1      | Reached XP level 2. HP: 15/15 MP: 3/5
   208 | D:1      | Reached skill level 1 in Conjurations
   467 | D:1      | Reached skill level 4 in Earth Magic
   996 | D:1      | Reached XP level 3. HP: 19/19 MP: 6/6
  1000 | D:1      | Learned a level 3 spell: Stone Arrow
  2445 | D:3      | Reached XP level 4. HP: 20/24 MP: 0/8
  2655 | D:3      | Noticed Robin
  2673 | D:3      | Slain by a goblin

Illustrated notes

Levels and vault maps discovered:
D:1:      onia_arrival_mini_spirals, layout_loops_cross,
          minmay_misc_feat_columns
D:2:      layout_loops_ring, minmay_misc_feat_iff, hangedman_decor_riveting
D:3:      layout_basic, uniq_robin

Skill      XL: |  1  2  3  4 |
---------------+-------------+-----
Conjurations   | 1 2 |  2.5
Earth Magic    | 4 |  4.7
Spellcasting   | 3 |  3.0
Dodging        | |  1.5
Stealth        | |  2.1
Transmutations | |  0.7

Action                   |  1- 3 |  4- 6 || total
-------------------------+-------+-------++-------
Melee: Club              |    88 |    37 ||   125
 Cast: Sandblast         |    32 |    10 ||    42
       Stone Arrow       |     4 |       ||     4
 Stab: Sleeping          |     5 |     1 ||     6
Armor: Robe              |    40 |    20 ||    60
Dodge: Dodged            |    86 |    29 ||   115

Table legend: (Time is in decaauts)
 A = Elapsed time spent in this place.
 B = Non-inter-level travel time spent in this place.
 C = Inter-level travel time spent in this place.
 D = Time resting spent in this place.
 E = Time spent auto-exploring this place.
 F = Levels seen in this place.
 G = Mean time per level.
                   A        B        C        D        E       F      G
               +--------+--------+--------+--------+--------+-----+--------+
         Total |   2709 |   2617 |     92 |    698 |   1533 |   3 |  903.0 |
       Dungeon |   2709 |   2617 |     92 |    698 |   1533 |   3 |  903.0 |
               +--------+--------+--------+--------+--------+-----+--------+

Top non-repeatable levels by time:
     D:2: 1217 daAuts
     D:1: 1180 daAuts
     D:3: 311 daAuts
